 Dungeon Crawl Stone Soup version 0.31-a0-1447-g87ca8d402b (webtiles) character file.

Game seed: 4990357024455978258

38 Sonofthefire the Trooper (level 3, -5/39 HPs)
             Began as an Octopode Shapeshifter on Dec 27, 2023.
             Slain by an ogre
             ... wielding a +0 giant club
              (16 damage)
             ... on level 3 of the Dungeon.
             The game lasted 00:00:35 (369 turns).

Sonofthefire the Trooper (Octopode Shapeshifter)     Turns: 369, Time: 00:00:36

Health: -5/39      AC: 21    Str: 15    XL:     3   Next: 43%
Magic:  3/3        EV:  2    Int: 12    God:
Gold:   40         SH:  0    Dex: 11    Spells: 2/2 levels left

rFire   . .          .
                       - Unarmed
rCold   . . .        (no shield)
rNeg    . . .        (helmet currently unavailable)
rPois   +            (no amulet)
rElec   .            (no ring)
rCorr   .            (no ring)
SInv    .            (no ring)
Will    .....        (no ring)
Stlth   +            (no ring)
HPRegen 0.26/turn    (no ring)
MPRegen 0.08/turn    (no ring)
                     (no ring)

%: no passive effects
@: tree-form
A: stationary, stasis, torment immunity, boosted hp, almost no armour,
(amphibious), 8 rings, (camouflage 1), (gelatinous body 1), (nimble swimmer 1),
(tentacles)
a: no special abilities


You were on level 3 of the Dungeon.
You were a tree.
You visited 1 branch of the dungeon, and saw 3 of its levels.

You collected 40 gold pieces.

Inventory:

Talismans
 b - a beast talisman
 c - a flux talisman
Scrolls
 d - a scroll of blinking {unknown}
 e - a scroll of fog {unknown}
 f - a scroll of identify {unknown}
 g - a scroll of silence {unknown}
 h - a scroll of enchant armour {unknown}
Potions
 i - a potion of degeneration {unknown}


   Skills:
 + Level 3.2 Fighting
 - Level 2.0 Dodging
 - Level 3.0 Unarmed Combat
 - Level 3.0 Shapeshifting


You had 2 spell levels left.
You didn't know any spells.
Your spell library was empty.

Dungeon Overview and Level Annotations

Branches:
Dungeon (3/15)

Altars:


Innate Abilities, Weirdness & Mutations

You are a tree.
Your roots penetrate the ground, keeping you stationary.
You cannot be teleported.
You are immune to unholy pain and torment.
Your maximum health is greatly increased.
You cannot wear most types of armour.
((You are amphibious.))
You can wear up to eight rings at the same time.
((Your skin changes colour to match your surroundings (Stealth+).))
((Your rubbery body absorbs attacks. (AC +1, EV +1)))
((You are camouflaged when in or above water. (Stealth+)))
((You have tentacles for arms and can constrict up to eight enemies at once.))


Message History

You squeeze the bombardier beetle, but do no damage.
The bombardier beetle is moderately wounded.
You constrict the bombardier beetle, but do no damage.
The bombardier beetle bites you.
You bludgeon the bombardier beetle! You squeeze the bombardier beetle.
The bombardier beetle is almost dead.
You constrict the bombardier beetle.
You kill the bombardier beetle!
Your Fighting skill gained 2 levels and is now at level 3!
You have reached level 2!
You have reached level 3!
Your experience leads to an increase in your attributes!
Increase (S)trength, (I)ntelligence, or (D)exterity?
You feel stronger. x2
You start resting.
HP restored.
Sorry, I don't know how to get there.
h - a scroll labelled ARECUZ WA ZIVU You see here a bombardier beetle corpse.
Found a stone staircase leading down.
You now have 40 gold pieces (gained 12).
i - a fuming inky potion An ogre comes into view.
It is wielding a +0 giant club.
An ogre is nearby!
Okay, then.
The ogre shouts!
Your transformation has ended.
You turn into a tree.
Your roots penetrate the ground.
You barely miss the ogre. The ogre hits you with a +0 giant club!
You completely miss the ogre. The ogre hits you with a +0 giant club.
You smack the ogre!
The ogre is heavily wounded.
You hit the ogre but do no damage.
The ogre is heavily wounded.
The ogre hits you with a +0 giant club!
* * * LOW HITPOINT WARNING * * *
You smack the ogre!
The ogre is almost dead.
The ogre hits you with a +0 giant club!
You die...

#..##.####.#
#..........#
##.##.######
#.##.#
########.##.#
#........##.#
#.#########.#
#.# #.# #♣#
#.# #O# #.#
... .## #. #.
#.


You could see an ogre.

Vanquished Creatures
  A bombardier beetle (D:3)
  2 endoplasms
  A hobgoblin (D:3)
  A frilled lizard (D:2)
5 creatures vanquished.

Notes
Turn   | Place    | Note
-------+----------+-------------------------------------------
     0 | D:1      | Sonofthefire the Octopode Shapeshifter began the quest for
                  | the Orb.
     0 | D:1      | Reached XP level 1. HP: 13/13 MP: 1/1
   240 | D:3      | Noticed a bombardier beetle
   248 | D:3      | Killed a bombardier beetle
   249 | D:3      | Reached XP level 2. HP: 17/21 MP: 2/2
   249 | D:3      | Reached XP level 3. HP: 21/26 MP: 3/3
   360 | D:3      | Noticed an ogre
   369 | D:3      | Slain by an ogre

Illustrated notes

Levels and vault maps discovered:
D:1:      eino_arrival_druids_welcome, layout_rooms, minmay_tromino_v4_b
D:2:      minmay_inner_zag, layout_loops_corners,
          chequers_ecumenical_altar_simple
D:3:      layout_loops_ring, goddamned_bats, uniq_grinder

Skill      XL: |  1 |
---------------+----+-----
Fighting       | 3 |  3.2
Dodging        | |  2.0
Unarmed Combat | |  3.0
Shapeshifting  | |  3.0

Action                     || total
---------------------------++-------
  Melee: Unarmed           ||    18
         Constrict         ||     3
         Tentacles         ||     3
         Punch             ||     1
    Use: Potion            ||     1
   Stab: Sleeping          ||     1
 Armour: Skin              ||     8
  Dodge: Dodged            ||     3

Table legend: (Time is in decaauts)
 A = Elapsed time spent in this place.
 B = Non-inter-level travel time spent in this place.
 C = Inter-level travel time spent in this place.
 D = Time resting spent in this place.
 E = Time spent auto-exploring this place.
 F = Levels seen in this place.
 G = Mean time per level.
                   A        B        C        D        E       F      G
               +--------+--------+--------+--------+--------+-----+--------+
         Total |    367 |    367 |      0 |    168 |    141 |   3 |  122.3 |
       Dungeon |    367 |    367 |      0 |    168 |    141 |   3 |  122.3 |
               +--------+--------+--------+--------+--------+-----+--------+

Top non-repeatable levels by time:
     D:3: 173 daAuts
     D:2: 131 daAuts
     D:1: 62 daAuts
